 Dungeon Crawl Stone Soup version 0.28.0-45-g0d030f2227 (webtiles) character file.

Game seed: 8692655049326282113

1324 raph the Firebug (level 8, -2/45 HPs)
             Began as a Deep Elf Fire Elementalist on Mar 30, 2022.
             Was an Initiate of Makhleb.
             Slain by an orc warrior
             ... wielding a +2 flail of protection
              (10 damage)
             ... on level 5 of the Dungeon.
             The game lasted 00:11:12 (8779 turns).

raph the Firebug (Deep Elf Fire Elementalist)       Turns: 8779, Time: 00:11:13

Health: -2/45      AC:  4    Str:  5    XL:     8   Next: 33%
Magic:  6/18       EV: 14    Int: 23    God:    Makhleb [......]
Gold:   188        SH:  0    Dex: 15    Spells: 4/18 levels left

rFire   . . .      SeeInvis .   a - +2 dagger (venom)
rCold   . . .      Faith    .   (no shield)
rNeg    . . .      Spirit   .   m - +0 robe
rPois   .          Reflect  .   g - +0 helmet
rElec   .          Harm     .   (no cloak)
rCorr   +          Rampage  .   p - +0 pair of gloves
Will    .....                   (no boots)
Stlth   +++.......              (no amulet)
HPRegen 0.15/turn               r - ring of resist corrosion
MPRegen 0.16/turn               (no ring)

@: no status effects
A: no striking features
a: Renounce Religion


You were on level 5 of the Dungeon.
You worshipped Makhleb.
Makhleb was noncommittal.
You visited 1 branch of the dungeon, and saw 6 of its levels.

You collected 188 gold pieces.

Inventory:

Hand Weapons
 a - a +2 dagger of venom (weapon)
 b - a +1 dagger of holy wrath
 e - a +0 dagger
 f - a +0 rapier
 t - a +3 dagger of pain
 x - a +2 dagger of speed
Missiles
 l - 4 poisoned darts
 A - 4 silver boomerangs
Armour
 g - a +0 helmet (worn)
 m - a +0 robe (worn)
 p - a +0 pair of gloves (worn)
Jewellery
 r - a ring of resist corrosion (left hand)
 B - a ring of flight
Wands
 n - a wand of polymorph (4)
Scrolls
 i - 2 scrolls of teleportation
 y - 2 scrolls of blinking
 D - a scroll of fog
Potions
 c - 4 potions of might {unknown}
 d - 2 potions of curing
 h - a potion of resistance {unknown}
 j - 3 potions of brilliance
 k - a potion of magic
 o - a potion of invisibility {unknown}
 q - 3 potions of attraction
 s - a potion of flight {unknown}
 u - a potion of degeneration {unknown}
 v - a potion of berserk rage {unknown}
 w - a potion of cancellation {unknown}
 z - a potion of mutation {unknown}
 C - a potion of heal wounds {unknown}


   Skills:
 * Level 2.4 Fighting
 + Level 4.8 Dodging
 + Level 5.2 Stealth
 + Level 5.6 Spellcasting
 + Level 5.1 Conjurations
 + Level 2.2 Hexes
 * Level 6.6 Fire Magic


You had 4 spell levels left.
You knew the following spells:

 Your Spells              Type           Power      Damage    Failure   Level
a - Foxfire               Conj/Fire      100%       2x1d9     1%          1
b - Scorch                Fire           74%        2d9       1%          2
c - Conjure Flame         Conj/Fire      33%        6-21      2%          3
d - Inner Flame           Hex/Fire       27%        N/A       4%          3
e - Flame Wave            Conj/Fire      33%        2d8       8%          4
f - Slow                  Hex            64%        N/A       3%          1

Your spell library contained the following spells:

 Spells                   Type           Power      Damage    Failure   Level
 Confusing Touch          Hex            16%        N/A       11%         3
 Summon Guardian Golem    Hex/Summ       11%        N/A       17%         3
 Vampiric Draining        Necr           6%         2d6       26%         3
 Orb of Destruction       Conj           14%        9d7       100%        7
 Spellforged Servitor     Conj/Summ      9%         N/A       100%        7


Dungeon Overview and Level Annotations

Branches:
Dungeon (6/15)             Temple (0/1) D:5

Altars:
Ashenzari
Makhleb
Vehumet

Shops:
D:4 [   D:5 :


Message History

You conjure some foxfire!
The orc warrior misses you.
The foxfire hits the orc warrior but does no damage. x2
Casting: Foxfire (safe; 1% risk of failure)
Confirm with . or Enter, or press ? or * to list all spells.
Flames lash the orc warrior.
The orc warrior is lightly wounded.
The orc warrior's fire resistance burns away.
The orc warrior hits you with a +2 flail of protection!
Casting: Scorch (safe; 1% risk of failure)
Confirm with . or Enter, or press ? or * to list all spells.
Flames lash the orc warrior.
The orc warrior is burned terribly!
The orc warrior is moderately wounded.
The orc warrior closely misses you.
Casting: Scorch (safe; 1% risk of failure)
Confirm with . or Enter, or press ? or * to list all spells.
Casting: Flame Wave (quite dangerous; 8% risk of failure)
Press: ? - help, Dir - look around, f - activate A wave of flame ripples out!
The flame wave engulfs the orc warrior!
The orc warrior is burned terribly!
The orc warrior is heavily wounded. (Press . to intensify the flame waves.)
The orc warrior misses you.
A wave of flame ripples out!
The flame wave engulfs the orc warrior.
The orc warrior is burned terribly!
The orc warrior is severely wounded.
The orc warrior hits you with a +2 flail of protection!
* * * LOW HITPOINT WARNING * * *
A wave of flame ripples out!
The flame wave engulfs the orc warrior but does no damage.
The orc warrior is severely wounded.
You finish channelling waves of flame.
The orc warrior hits you with a +2 flail of protection.
* * * LOW HITPOINT WARNING * * *
The orc warrior is no longer more vulnerable to fire.
There is an open door here.
Casting: Flame Wave (quite dangerous; 8% risk of failure)
Confirm with . or Enter, or press ? or * to list all spells.
You conjure some foxfire!
The orc warrior hits you with a +2 flail of protection!
You die...

.##############.#.....[........[.
'###### #......)[)########.
......# ###.....).# #† ......#
#.......# #. ......#
############# #. ......#
#...........########. ......#
#...........+#.......
......#######.[.v.......##.######
......#.........@........#.#
#######........vo..####..#.#
#............#..#..#.#
################'#?#..#..#.#
......................#..#.#
..........######.#.##.#..#.#
..........#....#.#....#..#.#
########..#.##.#.#########.# #
#..#.##.#...........#


You could see an orc warrior (ally target).

Vanquished Creatures
  Sigmund (D:3)
  Edmund (D:3)
  2 black bears
  An ogre (D:5)
  A necrophage (D:4)
  A scorpion (D:4)
  An electric eel (D:6)
  A howler monkey (D:5)
  A crimson imp (D:4)
  A bullfrog zombie (D:5)
  A jelly (D:5)
  A bullfrog skeleton (D:5)
  A centaur skeleton (D:6)
  Jessica (D:3)
  2 orc wizards
  Natasha (thrice) (D:3)
  2 iguanas
  A hound skeleton (D:3)
  Robin (D:4)
  4 gnolls (D:4)
  4 adders (D:5)
  A white imp (D:5)
  2 worms
  15 orcs
  7 endoplasms
  4 giant cockroaches
  12 hobgoblins
  2 jackals (D:2)
  4 quokkas
  6 ball pythons
  4 bats
  A frilled lizard (D:1)
  12 goblins
  6 kobolds
  7 rats
115 creatures vanquished.

Vanquished Creatures (collateral kills)
  A foxfire (D:6)
1 creature vanquished.

Vanquished Creatures (others)
  436 foxfires
  27 plants
463 creatures vanquished.

Grand Total: 579 creatures vanquished

Notes
Turn   | Place    | Note
-------+----------+-------------------------------------------
     0 | D:1      | raph the Deep Elf Fire Elementalist began the quest for the
                  | Orb.
     0 | D:1      | Reached XP level 1. HP: 10/10 MP: 6/6
   413 | D:1      | Reached XP level 2. HP: 15/15 MP: 2/8
  1021 | D:1      | Learned a level 2 spell: Scorch
  1882 | D:2      | Reached XP level 3. HP: 19/19 MP: 5/9
  1886 | D:2      | Learned a level 3 spell: Conjure Flame
  2016 | D:2      | Found a faded altar of an unknown god.
  2576 | D:3      | Noticed Jessica
  2579 | D:3      | Killed Jessica
  2580 | D:3      | Reached skill level 4 in Fire Magic
  2590 | D:3      | Reached XP level 4. HP: 24/24 MP: 3/11
  2597 | D:3      | Learned a level 3 spell: Inner Flame
  2727 | D:3      | Noticed Natasha
  2735 | D:3      | Killed Natasha
  3067 | D:3      | Noticed Natasha
  3079 | D:3      | Killed Natasha
  3183 | D:3      | Noticed Natasha
  3195 | D:3      | Killed Natasha
  3196 | D:3      | Reached XP level 5. HP: 19/28 MP: 8/12
  3526 | D:3      | Noticed Sigmund
  3534 | D:3      | Killed Sigmund
  3535 | D:3      | Reached skill level 5 in Fire Magic
  3535 | D:3      | Reached XP level 6. HP: 10/32 MP: 5/14
  4119 | D:4      | Noticed Robin
  4554 | D:4      | Noticed Edmund
  4626 | D:3      | Killed Edmund
  5207 | D:4      | Reached XP level 7. HP: 36/36 MP: 12/16
  5214 | D:4      | Learned a level 4 spell: Flame Wave
  5856 | D:4      | Killed Robin
  6036 | D:4      | Found Ygelokk's Armour Shoppe.
  6151 | D:4      | Learned a level 1 spell: Slow
  6486 | D:4      | Found a burning altar of Makhleb.
  6487 | D:4      | Found a radiant altar of Vehumet.
  6517 | D:4      | Reached skill level 1 in Fighting
  6517 | D:4      | Reached skill level 5 in Spellcasting
  6843 | D:4      | Became a worshipper of Makhleb the Destroyer
  6913 | D:5      | Entered Level 5 of the Dungeon
  7180 | D:5      | Reached skill level 6 in Fire Magic
  7390 | D:5      | Found a broken altar of Ashenzari.
  7500 | D:5      | Found a staircase to the Ecumenical Temple.
  7563 | D:5      | Reached skill level 1 in Hexes
  7839 | D:5      | Reached XP level 8. HP: 44/44 MP: 9/17
  7904 | D:5      | Found Irimmet's Book Emporium.
  7917 | D:5      | Reached skill level 5 in Stealth
  8372 | D:6      | Reached skill level 5 in Conjurations
  8779 | D:5      | Slain by an orc warrior

Illustrated notes

Levels and vault maps discovered:
D:1:      erik_arrival_triangle_small, layout_basic
D:2:      layout_basic, dilly_ecumenical_altar_fadedgnrine, glass_columns_b
D:3:      layout_rooms, minivault_27, uniq_natasha, uniq_sigmund, uniq_jessica
D:4:      layout_rooms, grunt_temple_overflow_lords_of_destruction,
          serial_shops, nicolae_diamond_shop, uniq_edmund, uniq_robin
D:5:      layout_basic, mainiacjoe_overflow_catwalk, lemuel_temple_firewalk_a,
          serial_shops, shop
D:6:      layout_cave_pools, mainiacjoe_overflow_tiny_flanked,
          serial_bayou_lagoon_a, uniq_grinder

Skill      XL: |  1  2  3  4  5  6  7  8 |
---------------+-------------------------+-----
Conjurations   | 2 3 4 5 |  5.1
Stealth        | 3 4 5 |  5.2
Fire Magic     | 4 5 6 |  6.6
Dodging        | 3 4 |  4.8
Spellcasting   | 4 5 |  5.6
Fighting       | 2 |  2.4
Hexes          | 1 2 |  2.2

Action                   |  1- 3 |  4- 6 |  7- 9 || total
-------------------------+-------+-------+-------++-------
Melee: Unarmed           |     1 |       |       ||     1
       Dagger            |    16 |     5 |    25 ||    46
       Punch             |     2 |       |       ||     2
Throw: Dart              |       |     2 |       ||     2
 Cast: Foxfire           |    82 |    96 |    89 ||   267
       Scorch            |     1 |     5 |     7 ||    13
       Flame Wave        |       |       |    11 ||    11
       Inner Flame       |       |       |     2 ||     2
       Conjure Flame     |       |       |     2 ||     2
  Use: Scroll            |       |     6 |     4 ||    10
       Potion            |       |     1 |       ||     1
Armor: Robe              |     7 |     4 |     5 ||    16
Dodge: Dodged            |    19 |    16 |    21 ||    56
